 Dungeon Sprint DCSS version 0.26.0-16-gc1dbca0489 (webtiles) character file.

Game seed: 12630835205947949028

11900000 Groucho the Intangible (level 27, -7/298 HPs)
             Began as a Deep Dwarf Monk on Jan 18, 2021.
             Was the Champion of Makhleb.
             Mangled by The Servant
             ... wielding a +9 glaive of flaming
              (14 damage)
             ... in the Dungeon (Sprint VIII: "Arena of Blood").
             The game lasted 00:06:29 (119 turns).

Groucho the Intangible (Deep Dwarf Monk)             Turns: 119, Time: 00:06:30

Health: -7/298     AC:  4    Str: 16    XL:     27
Magic:  37/54      EV: 37    Int: 14    God:    Makhleb [******]
Gold:   0          SH:  0    Dex: 24    Spells: 80/80 levels left

rFire    . . .     SeeInvis .   i - +∞ Axe of Woe
rCold    . . .     Faith    .   (shield currently unavailable)
rNeg     + . .     Spirit   .   b - +0 robe
rPois    .         Reflect  .   (no helmet)
rElec    .         Harm     .   (no cloak)
rCorr    .         Rampage  .   (no gloves)
Will     ++++.     NoTele   +   (no boots)
Stlth    ++++++++++             (no amulet)
HPRegen  0.00/turn              (no ring)
MPRegen  0.34/turn              (no ring)

@: lethally poisoned (-7 -> -27), non-regenerating
A: damage resistance, heal wounds, negative energy resistance 1, sense
surroundings 3, no regeneration
a: Heal Wounds, Renounce Religion, Minor Destruction, Lesser Servant of Makhleb,
Major Destruction, Greater Servant of Makhleb


You were in the Dungeon.
You worshipped Makhleb.
Makhleb was exalted by your worship.
You visited 1 branch

Inventory:

Hand Weapons
 a - a +0 hand axe
 i - the +∞ Axe of Woe (weapon)
   (You found it in the Dungeon)
Armour
 b - a +0 robe (worn)
Scrolls
 h - a scroll of blinking
Potions
 c - a potion of curing
 d - a potion of heal wounds
 e - a potion of haste
 f - 2 potions of magic
 g - a potion of berserk rage


   Skills:
 O Level 27 Fighting
 O Level 27 Short Blades
 O Level 27 Long Blades
 O Level 27 Axes
 O Level 27 Maces & Flails
 O Level 27 Polearms
 O Level 27 Staves
 O Level 27 Slings
 O Level 27 Bows
 O Level 27 Crossbows
 O Level 27 Throwing
 O Level 27 Armour
 O Level 27 Dodging
 O Level 27 Stealth
 O Level 27 Shields
 O Level 27 Unarmed Combat
 O Level 27 Spellcasting
 O Level 27 Conjurations
 O Level 27 Hexes
 O Level 27 Summonings
 O Level 27 Necromancy
 O Level 27 Translocations
 O Level 27 Transmutations
 O Level 27 Fire Magic
 O Level 27 Ice Magic
 O Level 27 Air Magic
 O Level 27 Earth Magic
 O Level 27 Poison Magic
 O Level 27 Invocations
 O Level 27 Evocations


You had 80 spell levels left.
You didn't know any spells.
Your spell library was empty.

Dungeon Overview and Level Annotations

Branches:
Dungeon (1/1)

Altars:
Makhleb

Annotations:
D The Defiler, The Servant


Innate Abilities, Weirdness & Mutations

You are resistant to damage.
You can heal yourself by infusing magical energy.
You resist negative energy. (rN+)
You passively map a large area around you.
You do not regenerate.


Message History

The destroyer blinks!
The bag of meat shouts!
You slice the tentacled monstrosity!!
You slaughter the tentacled monstrosity joyfully.
You kill the tentacled monstrosity!
You slice the crawling corpse!!
You fatally mangle the crawling corpse.
You destroy the crawling corpse!
You are engulfed in blazing flames.
You hear a roar!
You hear a shout! x4
The scourge throws poison sting at you. The poison arrow hits you!!!
You are poisoned.
The corpses begin to drag themselves along the ground!
A meat berserker comes into view. It is wielding a +9 battleaxe.
A bag of meat comes into view. It is wielding a +9 war axe.
You hear a shout! x3
The Servant hits you from afar with a +9 glaive of flaming!!!!
* * * LOW HITPOINT WARNING * * *
The Servant burns you!!
You die...

, , ,, , , ,
,.. ..... ,, ,,
, , * ,, #M
,...#, , , ,
#.. ,.OL# ,,.
.###.. ...###..
, ,
......###.zo.o.
,, ,* ,
,...X..○§o.o. ,
#.2§x§#, , , *
** #Wx@○x#, ,,
, , ,, ,
#§§☼§@# , * ,
.XXO§§○ooo.. ,
, ,


OWoXoS###oxV... , , V###Lo○ @X.###§. , , #XX ...# , . , ,, , , , ,#XXX ...#, , ,
.. ,..... , , *,*, , , , You could see an accursed, 3 tentacled monstrosities, a
meat beast (fast), 2 tyrants, The Servant, 2 destroyers, a scourge, a sculptor
of flesh, a large bag of meat (inner flame), 5 large abominations, 2 dreads, 2
meat berserkers, 11 bags of meat and 4 crawling corpses.

Vanquished Creatures
  10 hell beasts (D)
  4 royal mummies (D)
  A great orb of eyes (D)
  9 wraiths (D)
  5 vampire knights (D)
  34 ogres (D)
  3 two-headed ogres (D)
  2 liches (D)
  3 hydras (D)
  34 orcs (D)
  3 phantoms (D)
  4 skeletal warriors (D)
  4 large abominations (D)
  7 small abominations (D)
  10 crawling corpses (D)
133 creatures vanquished.

Vanquished Creatures (others)
  An orc (D)
  A crawling corpse (D)
2 creatures vanquished.

Grand Total: 135 creatures vanquished

Notes
Turn   | Place    | Note
-------+----------+-------------------------------------------
     0 | D        | Found the +∞ Axe of Woe
     0 | D        | Groucho the Deep Dwarf Monk began the quest for the Orb.
     0 | D        | Reached XP level 1. HP: 20/20 MP: 1/1
     2 | D        | Noticed a meat berserker
     2 | D        | Noticed a bag of meat
     3 | D        | Noticed a bag of meat
     4 | D        | Became a worshipper of Makhleb the Destroyer
     4 | D        | Reached * piety under Makhleb
     4 | D        | Reached ** piety under Makhleb
     4 | D        | Noticed a bag of meat
     7 | D        | Killed a meat berserker
     7 | D        | Noticed a meat berserker
     7 | D        | Noticed a bag of meat
     8 | D        | Reached XP level 2. HP: 27/27 MP: 2/2
     8 | D        | Reached XP level 3. HP: 33/33 MP: 3/3
     8 | D        | Reached XP level 4. HP: 40/40 MP: 4/4
     8 | D        | Reached XP level 5. HP: 46/46 MP: 5/5
     8 | D        | Reached XP level 6. HP: 55/55 MP: 6/6
     8 | D        | Reached XP level 7. HP: 61/61 MP: 7/7
     8 | D        | Reached XP level 8. HP: 68/68 MP: 8/8
     8 | D        | Gained mutation: You passively map the area around you.
                  | [Deep Dwarf growth]
     8 | D        | Reached XP level 9. HP: 74/74 MP: 9/9
     8 | D        | Reached XP level 10. HP: 81/81 MP: 10/10
     8 | D        | Reached XP level 11. HP: 88/88 MP: 11/11
     8 | D        | Reached XP level 12. HP: 96/96 MP: 12/12
     8 | D        | Reached XP level 13. HP: 102/102 MP: 13/13
     8 | D        | Killed a bag of meat
     8 | D        | Noticed a meat berserker
     9 | D        | Killed a meat berserker
     9 | D        | Killed a bag of meat
     9 | D        | Reached *** piety under Makhleb
     9 | D        | Noticed a meat berserker
    10 | D        | Reached skill level 27 in Axes
    10 | D        | Reached skill level 27 in Dodging
    10 | D        | Gained mutation: You resist negative energy. (rN+) [Deep
                  | Dwarf growth]
    10 | D        | Reached XP level 14. HP: 145/145 MP: 13/24
    10 | D        | Reached XP level 15. HP: 152/152 MP: 13/25
    13 | D        | Killed a meat berserker
    13 | D        | Killed a meat berserker
    13 | D        | Reached **** piety under Makhleb
    14 | D        | Reached XP level 16. HP: 188/188 MP: 13/31
    16 | D        | Reached XP level 17. HP: 199/199 MP: 14/33
    18 | D        | Reached ***** piety under Makhleb
    19 | D        | Reached skill level 27 in Fighting
    19 | D        | Reached skill level 27 in Invocations
    21 | D        | Noticed a destroyer
    25 | D        | Killed a destroyer
    26 | D        | Reached skill level 27 in Armour
    26 | D        | Reached skill level 5 in Earth Magic
    26 | D        | Reached skill level 5 in Evocations
    26 | D        | Gained mutation: You passively map a large area around you.
                  | [Deep Dwarf growth]
    26 | D        | Reached XP level 18. HP: 218/218 MP: 16/35
    26 | D        | Noticed a meat berserker
    28 | D        | Noticed a meat berserker
    28 | D        | Killed a meat berserker
    29 | D        | Reached skill level 5 in Short Blades
    29 | D        | Reached skill level 5 in Maces & Flails
    29 | D        | Reached skill level 5 in Polearms
    29 | D        | Reached skill level 5 in Staves
    29 | D        | Reached skill level 5 in Throwing
    29 | D        | Reached skill level 5 in Unarmed Combat
    29 | D        | Reached skill level 5 in Spellcasting
    29 | D        | Reached skill level 5 in Conjurations
    29 | D        | Reached skill level 5 in Summonings
    29 | D        | Reached skill level 5 in Transmutations
    29 | D        | Reached skill level 5 in Fire Magic
    29 | D        | Reached skill level 5 in Ice Magic
    29 | D        | Reached skill level 5 in Poison Magic
    29 | D        | Noticed a meat berserker
    30 | D        | Reached skill level 5 in Bows
    30 | D        | Reached skill level 5 in Hexes
    30 | D        | Reached skill level 5 in Air Magic
    30 | D        | Reached XP level 19. HP: 226/226 MP: 17/36
    31 | D        | Noticed a meat berserker
    33 | D        | Killed a meat berserker
    34 | D        | Reached skill level 10 in Earth Magic
    34 | D        | Reached skill level 10 in Evocations
    34 | D        | Killed a meat berserker
    34 | D        | Killed a meat berserker
    35 | D        | Reached skill level 10 in Long Blades
    35 | D        | Reached skill level 10 in Maces & Flails
    35 | D        | Reached XP level 20. HP: 236/236 MP: 18/37
    35 | D        | Reached ****** piety under Makhleb
    36 | D        | Noticed a meat berserker
    37 | D        | Reached skill level 10 in Short Blades
    37 | D        | Reached skill level 10 in Polearms
    37 | D        | Reached skill level 10 in Staves
    37 | D        | Reached skill level 10 in Throwing
    37 | D        | Reached skill level 10 in Unarmed Combat
    37 | D        | Reached skill level 10 in Conjurations
    37 | D        | Reached skill level 10 in Summonings
    37 | D        | Reached skill level 10 in Transmutations
    37 | D        | Reached skill level 10 in Fire Magic
    37 | D        | Reached skill level 10 in Ice Magic
    40 | D        | Reached skill level 10 in Spellcasting
    40 | D        | Reached skill level 10 in Hexes
    40 | D        | Reached skill level 10 in Poison Magic
    40 | D        | Killed a meat berserker
    41 | D        | Reached skill level 10 in Bows
    41 | D        | Reached skill level 10 in Air Magic
    41 | D        | Reached skill level 15 in Earth Magic
    41 | D        | Reached skill level 15 in Evocations
    41 | D        | Reached XP level 21. HP: 244/244 MP: 19/38
    44 | D        | Reached XP level 22. HP: 254/254 MP: 19/39
    44 | D        | Noticed an accursed
    46 | D        | Reached skill level 15 in Slings
    46 | D        | Reached skill level 15 in Crossbows
    46 | D        | Reached skill level 15 in Shields
    46 | D        | Reached skill level 15 in Necromancy
    46 | D        | Reached skill level 15 in Translocations
    46 | D        | Noticed a tyrant
    51 | D        | Killed an accursed
    51 | D        | Noticed an accursed
    52 | D        | Reached skill level 15 in Short Blades
    52 | D        | Reached skill level 15 in Polearms
    52 | D        | Reached skill level 15 in Staves
    52 | D        | Reached skill level 15 in Throwing
    52 | D        | Reached skill level 15 in Unarmed Combat
    52 | D        | Reached skill level 15 in Conjurations
    52 | D        | Reached skill level 15 in Summonings
    52 | D        | Reached skill level 15 in Transmutations
    52 | D        | Reached skill level 15 in Fire Magic
    52 | D        | Reached skill level 15 in Ice Magic
    52 | D        | Reached XP level 23. HP: 234/262 MP: 21/41
    54 | D        | Killed a tyrant
    55 | D        | Reached skill level 15 in Spellcasting
    55 | D        | Reached skill level 15 in Hexes
    55 | D        | Reached skill level 15 in Poison Magic
    55 | D        | Reached XP level 24. HP: 272/272 MP: 22/42
    55 | D        | Noticed an accursed
    61 | D        | Noticed a meat beast
    63 | D        | Reached skill level 15 in Bows
    63 | D        | Reached skill level 15 in Air Magic
    63 | D        | Reached XP level 25. HP: 273/280 MP: 24/43
    64 | D        | Killed an accursed
    64 | D        | Noticed a dread
    65 | D        | Killed a meat beast
    66 | D        | Reached XP level 26. HP: 290/290 MP: 24/45
    69 | D        | Killed an accursed
    69 | D        | Noticed a dread
    70 | D        | Reached skill level 27 in Earth Magic
    70 | D        | Reached skill level 27 in Evocations
    70 | D        | Reached XP level 27. HP: 164/298 MP: 25/46
    70 | D        | Noticed a meat beast
    72 | D        | Killed a meat beast
    72 | D        | Killed a dread
    72 | D        | Noticed a dread
    73 | D        | Noticed a dread
    75 | D        | Noticed a meat beast
    76 | D        | Noticed a meat beast
    77 | D        | Killed a dread
    79 | D        | Killed a meat beast
    79 | D        | Noticed a destroyer
    80 | D        | Reached skill level 27 in Slings
    80 | D        | Reached skill level 27 in Crossbows
    80 | D        | Reached skill level 27 in Shields
    80 | D        | Reached skill level 27 in Necromancy
    80 | D        | Reached skill level 27 in Translocations
    80 | D        | Killed a dread
    81 | D        | Killed a meat beast
    82 | D        | Reached skill level 27 in Long Blades
    82 | D        | Reached skill level 27 in Maces & Flails
    83 | D        | Killed a destroyer
    84 | D        | Noticed a meat beast
    86 | D        | Killed a dread
    87 | D        | Reached skill level 27 in Short Blades
    87 | D        | Reached skill level 27 in Polearms
    87 | D        | Reached skill level 27 in Staves
    87 | D        | Reached skill level 27 in Throwing
    87 | D        | Reached skill level 27 in Unarmed Combat
    87 | D        | Reached skill level 27 in Conjurations
    87 | D        | Reached skill level 27 in Summonings
    87 | D        | Reached skill level 27 in Transmutations
    87 | D        | Reached skill level 27 in Fire Magic
    87 | D        | Reached skill level 27 in Ice Magic
    89 | D        | Killed a meat beast
    90 | D        | Reached skill level 27 in Bows
    90 | D        | Reached skill level 27 in Spellcasting
    90 | D        | Reached skill level 27 in Hexes
    90 | D        | Reached skill level 27 in Air Magic
    90 | D        | Reached skill level 27 in Poison Magic
    90 | D        | Reached skill level 27 in Stealth
    92 | D        | Noticed a destroyer
    92 | D        | Noticed a large bag of meat
    92 | D        | Noticed a meat beast
    92 | D        | Noticed a tyrant
    92 | D        | Noticed a destroyer
    93 | D        | Noticed a meat beast
    94 | D        | Noticed a large bag of meat
    95 | D        | Noticed a meat beast
    96 | D        | Noticed a large bag of meat
    97 | D        | Killed a destroyer
    97 | D        | Killed a meat beast
    98 | D        | Killed a meat beast
    98 | D        | Noticed a dread
    99 | D        | Noticed a meat beast
    99 | D        | Killed a meat beast
    99 | D        | Noticed a tyrant
    99 | D        | Noticed a dread
   100 | D        | Noticed The Servant
   100 | D        | Killed a tyrant
   102 | D        | Noticed a dread
   102 | D        | Killed a destroyer
   102 | D        | Noticed a tyrant
   103 | D        | Killed a large bag of meat
   103 | D        | Killed a meat beast
   106 | D        | Noticed a dread
   106 | D        | Noticed a destroyer
   107 | D        | Noticed a large bag of meat
   108 | D        | Noticed a dread
   108 | D        | Noticed a meat beast
   109 | D        | Killed a dread
   109 | D        | Killed a large bag of meat
   110 | D        | Noticed a meat beast
   110 | D        | Killed a large bag of meat
   111 | D        | Killed a dread
   113 | D        | Killed a meat beast
   113 | D        | Noticed an accursed
   113 | D        | Noticed a dread
   114 | D        | Noticed an accursed
   114 | D        | Noticed The Defiler
   115 | D        | Killed a dread
   115 | D        | Noticed a destroyer
   116 | D        | Killed a dread
   116 | D        | Killed a destroyer
   116 | D        | Noticed a tyrant
   117 | D        | Noticed a destroyer
   118 | D        | Killed a dread
   118 | D        | Killed an accursed
   118 | D        | Noticed a dread
   119 | D        | HP: 7/298 [The Servant/+9 glaive of flaming (107)]
   119 | D        | Mangled by The Servant

Illustrated notes

Levels and vault maps discovered:
D:        meatsprint

Skill      XL: |  1  2  3  4  5  6  7  8  9 10 11 12 13 14 15 16 17 18 19 20 21 22 23 24 25 26 27 |
---------------+----------------------------------------------------------------------------------+-----
Axes           | 23 27 | 27.0
Dodging        | 23 27 | 27.0
Fighting       | 14 23 24 27 | 27.0
Armour         | 12 20 21 27 | 27.0
Invocations    | 14 23 24 27 | 27.0
Short Blades   | 3 6 9 11 12 15 16 17 19 20 27 | 27.0
Long Blades    | 4 6 10 12 13 16 17 18 21 22 27 | 27.0
Maces & Flails | 4 6 10 12 13 16 17 18 21 22 27 | 27.0
Polearms       | 3 6 9 11 12 15 16 17 19 20 27 | 27.0
Staves         | 3 6 9 11 12 15 16 17 19 20 27 | 27.0
Slings         | 4 7 11 13 14 17 18 20 22 23 27 | 27.0
Bows           | 3 5 7 10 11 13 14 15 17 27 | 27.0
Crossbows      | 4 7 11 13 14 17 18 20 22 23 27 | 27.0
Throwing       | 3 6 9 11 12 15 16 17 19 20 27 | 27.0
Shields        | 4 7 11 13 14 17 18 20 22 23 27 | 27.0
Unarmed Combat | 3 6 9 11 12 15 16 17 19 20 27 | 27.0
Spellcasting   | 3 5 8 10 11 14 15 16 18 19 27 | 27.0
Conjurations   | 3 6 9 11 12 15 16 17 19 20 27 | 27.0
Hexes          | 3 5 8 10 11 14 15 16 18 19 27 | 27.0
Summonings     | 3 6 9 11 12 15 16 17 19 20 27 | 27.0
Necromancy     | 4 7 11 13 14 17 18 20 22 23 27 | 27.0
Translocations | 4 7 11 13 14 17 18 20 22 23 27 | 27.0
Transmutations | 3 6 9 11 12 15 16 17 19 20 27 | 27.0
Fire Magic     | 3 6 9 11 12 15 16 17 19 20 27 | 27.0
Ice Magic      | 3 6 9 11 12 15 16 17 19 20 27 | 27.0
Air Magic      | 3 5 7 10 11 13 14 15 17 27 | 27.0
Earth Magic    | 5 9 12 15 17 20 21 23 26 27 | 27.0
Poison Magic   | 3 5 8 10 11 14 15 16 18 19 27 | 27.0
Evocations     | 5 8 12 15 17 20 21 23 26 27 | 27.0
Stealth        | 27 | 27.0

Action                   |  1- 3 |  4- 6 |  7- 9 | 10-12 | 13-15 | 16-18 | 19-21 | 22-24 | 25-27 || total
-------------------------+-------+-------+-------+-------+-------+-------+-------+-------+-------++-------
Melee: Executioner's axe |     1 |       |       |       |     4 |     6 |    10 |    10 |    47 ||    78
Dodge: Dodged            |       |       |       |       |       |       |       |       |     5 ||     5
